 Dungeon Crawl Stone Soup version 0.23.2-33-g5129a83184 (webtiles) character file.

Game seed: 14471199896476201616

46 psyvane the Stinger (level 3, 0/21 HPs)
             Began as an Octopode Venom Mage on July 13, 2019.
             Slain by a hobgoblin
             ... wielding a +0 club
             ... led by Robin
              (9 damage)
             ... on level 2 of the Dungeon.
             The game lasted 00:05:07 (1650 turns).

psyvane the Stinger (Octopode Venom Mage)           Turns: 1650, Time: 00:05:08

Health: 0/21       AC:  1    Str:  7    XL:     3   Next: 66%
Magic:  2/6        EV: 13    Int: 17    God:
Gold:   29         SH:  0    Dex: 13    Spells: 3/6 levels left

rFire    . . .     SeeInvis .   (no weapon)
rCold    . . .     Gourm    .   (no shield)
rNeg     . . .     Faith    .   (helmet restricted)
rPois    .         Spirit   .   (no amulet)
rElec    .         Reflect  .   (no ring)
rCorr    .         Harm     .   (no ring)
MR       .....                  (no ring)
Stlth    +++.......             (no ring)
HPRegen  0.07/turn              (no ring)
MPRegen  0.10/turn              (no ring)
                                (no ring)
                                (no ring)

@: no status effects
A: almost no armour, stealthy swim, amphibious, 8 rings, constrict 8, camouflage
1, gelatinous body 1
a: no special abilities


You were on level 2 of the Dungeon.
You were not hungry.

You visited 1 branch of the dungeon, and saw 2 of its levels.

You collected 29 gold pieces.

Inventory:

Jewellery
 a - an uncursed ring of positive energy {unknown}
Scrolls
 e - a scroll of fear {unknown}
Potions
 c - a potion of flight {unknown}
 d - a potion of heal wounds
Comestibles
 b - 3 rations
 h - 3 chunks of flesh


   Skills:
 - Level 2.0 Dodging
 - Level 2.6 Stealth
 - Level 2.0 Spellcasting
 * Level 2.8 Conjurations
 - Level 4.3 Poison Magic


You had 3 spell levels left.
You knew the following spells:

 Your Spells              Type           Power        Failure   Level  Hunger
a - Sting                 Conj/Pois      ##..         4%          1    #......
b - Poisonous Vapours     Pois/Air       #.....       12%         2    ###....

Your spell library contained the following spells:

 Spells                   Type           Power        Failure   Level  Hunger
 Mephitic Cloud           Conj/Pois/Air  #.......     22%         3    ###....
 Olgreb's Toxic Radiance  Pois           ###.....     32%         4    #####..
 Venom Bolt               Conj/Pois      ##........   77%         5    ######.


Dungeon Overview and Level Annotations

Branches:
Dungeon (2/15)

Altars:

Annotations:
D:2 Robin


Innate Abilities, Weirdness & Mutations

You cannot wear most types of armour.
You are very stealthy in the water. (Stealth+)
You are amphibious.
You can wear up to eight rings at the same time.
You can use your tentacles to constrict eight enemies at once.
Your skin changes colour to match your surroundings (Stealth+).
Your rubbery body absorbs attacks. (AC +1, EV +1)


Message History

Things that are here:
a +0 dagger; a goblin corpse You barely miss the goblin.
Your grab misses the goblin. The hobgoblin misses you. The goblin hits you.
* * * LOW HITPOINT WARNING * * *
It was a potion of heal wounds.
You feel much better. The goblin hits you. The hobgoblin misses you.
You tentacle-slap the goblin. Your grab misses the goblin.
The goblin is heavily wounded.
The goblin hits you. The hobgoblin barely misses you.
You closely miss the goblin. You grab the goblin.
The goblin is heavily wounded.
You constrict the goblin. The goblin barely misses you.
The hobgoblin hits you with a +0 club!
You barely miss the goblin.
The goblin is severely wounded.
You constrict the goblin.
You kill the goblin!
The hobgoblin hits you with a +0 club!
You die...

#########.##
#.......#...
#.#####.#.)
#.#<..#.#g.
#.#.#.#.#g#
#.###.#.#g#
#.....#.#g#
#######.#g#
#.#@# #.#.#
#...# #####


You could see Robin, a hobgoblin and 3 goblins.

Vanquished Creatures
  A leopard gecko (D:1)
  2 bats (D:1)
  2 giant cockroaches (D:1)
  8 goblins
  7 hobgoblins
  6 jackals (D:1)
  2 ball pythons (D:1)
  2 frilled lizards
  3 kobolds (D:1)
  4 rats (D:1)
37 creatures vanquished.

Notes
Turn   | Place    | Note
-------+----------+-------------------------------------------
     0 | D:1      | psyvane the Octopode Venom Mage began the quest for the
                  | Orb.
     0 | D:1      | Reached XP level 1. HP: 11/11 MP: 3/3
    34 | D:1      | Reached skill level 4 in Poison Magic
   416 | D:1      | Reached XP level 2. HP: 17/17 MP: 3/5
   505 | D:1      | Learned a level 2 spell: Poisonous Vapours
  1093 | D:1      | Reached XP level 3. HP: 21/21 MP: 3/6
  1636 | D:2      | Noticed Robin
  1650 | D:2      | Slain by a hobgoblin

Skill      XL: |  1  2 |
---------------+-------+-----
Poison Magic   | 4 |  4.3
Conjurations   | 2 |  2.8
Dodging        | |  2.0
Stealth        | |  2.6
Spellcasting   | |  2.0

Action                   || total
-------------------------++-------
Melee: Unarmed           ||    54
       Constrict         ||    15
       Tentacles         ||    10
 Cast: Sting             ||    22
       Poisonous Vapours ||    11
  Use: Scroll            ||     3
       Potion            ||     1
  Eat: Chunk             ||     3
Armor: Skin              ||     3
Dodge: Dodged            ||    38
